 Dungeon Crawl Stone Soup version 0.29.1-15-g9cfb28693d (webtiles) character file.

Game seed: 11595406819744208222

11 zeram the Trooper (level 2, -1/27 HPs)
             Began as a Hill Orc Fighter on Apr 19, 2023.
             Succumbed to a goblin's poison
             ... on level 1 of the Dungeon.
             The game lasted 00:00:57 (593 turns).

zeram the Trooper (Hill Orc Fighter)                 Turns: 593, Time: 00:00:57

Health: -1/27      AC:  6    Str: 18    XL:     2   Next: 25%
Magic:  2/2        EV:  9    Int:  8    God:
Gold:   52         SH:  4    Dex: 10    Spells: 1/1 levels left

rFire   . . .      SeeInvis .   a - +0 war axe
rCold   . . .      Faith    .   c - +0 buckler
rNeg    . . .      Spirit   .   b - +0 scale mail
rPois   .          Reflect  .   (no helmet)
rElec   .          Harm     .   (no cloak)
rCorr   .          Rampage  .   (no gloves)
Will    .....                   (no boots)
Stlth   ..........              (no amulet)
HPRegen 0.09/turn               (no ring)
MPRegen 0.08/turn               (no ring)

@: lethally poisoned (-1 -> -14)
A: no striking features
a: no special abilities


You were on level 1 of the Dungeon.
You visited 1 branch of the dungeon, and saw 1 of its levels.

You collected 52 gold pieces.

Inventory:

Hand Weapons
 a - a +0 war axe (weapon)
Armour
 b - a +0 scale mail (worn)
 c - a +0 buckler (worn)
Jewellery
 g - a ring of protection from fire
Scrolls
 e - 2 scrolls of identify {unknown}
Potions
 d - a potion of might


   Skills:
 + Level 3.9 Fighting
 + Level 3.0 Axes
 + Level 3.4 Armour
 + Level 3.4 Shields


You had one spell level left.
You didn't know any spells.
Your spell library was empty.

Dungeon Overview and Level Annotations

Branches:
Dungeon (1/15)

Altars:

Shops:
D:1 !


Message History

A hobgoblin is nearby!
A goblin comes into view. It is wielding a +1 dagger of venom.
The goblin shouts!
The hobgoblin closely misses you.
You closely miss the hobgoblin. The hobgoblin hits you.
You hit the hobgoblin.
The hobgoblin is severely wounded.
The hobgoblin closely misses you. x2
You hit the hobgoblin but do no damage.
The hobgoblin is severely wounded.
You closely miss the goblin. The goblin hits you but does no damage.
You are poisoned.
The hobgoblin hits you.
You hit the hobgoblin but do no damage.
The hobgoblin is severely wounded.
You closely miss the goblin.
You feel very sick.
The goblin hits you with a +1 dagger of venom.
You are more poisoned.
You block the hobgoblin's attack. The hobgoblin barely misses you.
The goblin hits you with a +1 dagger of venom.
You are more poisoned.
Unknown command.
You closely miss the hobgoblin.
The hobgoblin is severely wounded.
You barely miss the goblin.
You feel extremely sick. The goblin barely misses you. The hobgoblin hits you.
* * * LOW HITPOINT WARNING * * *
Unknown command.
You hit the hobgoblin.
You kill the hobgoblin!
You hit the goblin but do no damage.
* * * LOW HITPOINT WARNING * * *
You feel very sick. The goblin closely misses you.
The goblin completely misses you.
Your Axes skill increases to level 3!
Unknown command.
It was a potion of magic.
Magic courses through your body.
You die...

.#.......#...#####......#
............## #......#
............######.#....#
.###...............#....#
.#G#......#.#.....##....#
.###..#...#.#.....#######
..................##....
.....###.........g......
.....##.........@.......
.###....###......###....
.#G#..### ###.#### .. .
.###..# ### ......#
###...# #####


You could see a goblin.

Vanquished Creatures
  2 giant cockroaches (D:1)
  2 hobgoblins (D:1)
  3 kobolds (D:1)
  A ball python (D:1)
  A bat (D:1)
  A goblin (D:1)
  A rat (D:1)
11 creatures vanquished.

Notes
Turn   | Place    | Note
-------+----------+-------------------------------------------
     0 | D:1      | zeram the Hill Orc Fighter began the quest for the Orb.
     0 | D:1      | Reached XP level 1. HP: 19/19 MP: 1/1
   346 | D:1      | Reached XP level 2. HP: 27/27 MP: 2/2
   494 | D:1      | Found Vyiwota's Distillery.
   550 | D:1      | Found a faded altar of an unknown god.
   550 | D:1      | Noticed a great orb of eyes
   554 | D:1      | Noticed an eye of devastation
   554 | D:1      | Noticed a floating eye
   554 | D:1      | Noticed an eye of devastation
   593 | D:1      | Succumbed to a goblin's poison

Illustrated notes

Levels and vault maps discovered:
D:1:      amcnicky_arrival_blooded_trapdoor, layout_rooms,
          hellmonk_ecumenical_altar_watching_god, serial_shops, shop,
          solitary_fountain

Skill      XL: |  1  2 |
---------------+-------+-----
Axes           | 3 |  3.0
Fighting       | |  3.9
Armour         | |  3.4
Shields        | |  3.4

Action                   || total
-------------------------++-------
Melee: War axe           ||    37
  Use: Potion            ||     1
Armor: Scale mail        ||    15
Dodge: Dodged            ||    19
Block: Buckler           ||     4
